Map: Abiogenesis LE

Players

BOOMONSTER - Winner!

  • Race: Zerg Zerg
  • League: Gold
  • Spawn Location: 5:00

A.I. 1 (Very Easy)

  • Race: Zerg Zerg
  • Spawn Location: 11:00

VOD

Have the link to the VOD?

Description

Time

  • Played on: July 22, 2018, 8:14 p.m.
  • Length: 9:12
Show
View Real Time Build Order
Export as new Build Order

BOOMONSTER Zerg - Winner!

Build Orders: Hatch First, Swarm Host 

Get SALT Encoding   

  12  0:01  Drone  
  13  0:13  Overlord  
  13  0:17  Drone  
  14  0:31  Drone x2  
  14  0:34  Drone  
  17  0:55  Hatchery, Drone  
  17  0:58  Drone  
  18  1:08  Extractor  
  17  1:15  Spawning Pool  
  17  1:17  Drone  
  17  1:21  Drone  
  18  1:28  Drone  
  19  1:43  Overlord  
  19  1:50  Drone  
  20  2:02  Queen  
  20  2:04  Zergling x2  
  20  2:07  Queen  
  20  2:08  Zergling x2  
  26  2:11  Metabolic Boost, Drone  
  27  2:18  Drone  
  27  2:22  Drone  
  29  2:28  Drone  
  30  2:32  Drone  
  31  2:39  Drone  
  32  2:49  Hatchery  
  32  2:50  Overlord  
  31  2:51  Drone  
  31  2:54  Drone  
  33  3:00  Drone  
  33  3:05  Drone  
  35  3:12  Drone  
  36  3:16  Drone x2  
  36  3:17  Drone  
  36  3:18  Drone x3  
  36  3:19  Drone  
  43  3:23  Overlord  
  43  3:27  Extractor  
  43  3:28  Drone  
  43  3:29  Extractor  
  42  3:34  Overlord  
  42  3:38  Lair  
  42  3:41  Baneling Nest  
  42  3:42  Drone  
  42  3:43  Extractor  
  42  3:45  Drone  
  42  3:46  Drone  
  43  3:51  Drone  
  43  3:52  Drone x2  
  46  3:57  Queen  
  46  4:02  Drone x2  
  50  4:04  Drone  
  50  4:07  Drone  
  50  4:08  Drone  
  53  4:11  Drone  
  53  4:13  Drone x2  
  56  4:21  Queen  
  56  4:23  Drone  
  56  4:24  Drone  
  60  4:25  Drone  
  60  4:29  Drone  
  62  4:34  Drone x2  
  64  4:40  Hydralisk Den, Drone  
  64  4:41  Infestation Pit  
  64  4:45  Drone  
  64  4:46  Drone x2  
  66  4:56  Overlord, Extractor  
  66  4:57  Overlord x2, Extractor  
  66  4:58  Drone x2  
  66  5:02  Centrifical Hooks  
  66  5:08  Overlord  
  66  5:10  Grooved Spines  
  66  5:15  Drone x4  
  70  5:23  Drone x4  
  74  5:29  Nydus Network, Hydralisk  
  74  5:30  Hydralisk x2  
  74  5:33  Hydralisk  
  81  5:38  Drone x3  
  84  5:44  Hydralisk x2  
  84  5:46  Zergling x2  
  84  5:47  Zergling x2  
  84  5:48  Hydralisk  
  92  5:51  Overlord  
  92  5:53  Overlord  
  92  5:55  Overseer  
  92  5:58  Hydralisk  
  92  5:59  Hydralisk  
  96  6:05  Hydralisk  
  96  6:09  Hydralisk x2  
  96  6:10  Hydralisk x2  
  106  6:21  Muscular Augments  
  106  6:28  Hydralisk  
  106  6:29  Hydralisk x3  
  114  6:36  Overlord x4  
  114  6:49  Evolution Chamber  
  114  6:50  Drone, Evolution Chamber  
  114  6:51  Drone  
  114  6:57  Zergling x2  
  114  6:58  Zergling x16  
  123  7:09  Swarm Host x4  
  123  7:10  Swarm Host  
  123  7:12  Hydralisk x2  
  123  7:13  Zergling x2, Hydralisk  
  123  7:14  Overlord  
  123  7:15  Overlord x2  
  145  7:21  Baneling x6  
  145  7:22  Baneling x5  
  145  7:35  Hydralisk x3  
  145  7:36  Hydralisk x2  
  155  7:37  Hatchery  
  154  7:50  Hydralisk x4  
  154  7:51  Hydralisk  
  162  7:52  Zergling x2  
  165  8:06  Hydralisk x2  
  165  8:08  Overlord x3  
  169  8:13  Nydus Canal  
  169  8:46  Unknown  
Show
View Real Time Build Order
Export as new Build Order

A.I. 1 (Very Easy) Zerg 

Build Orders: Pool First 

Get SALT Encoding   

  12  0:01  Drone  
  13  0:12  Overlord  
  13  0:16  Drone  
  14  0:36  Spawning Pool  
  14  0:37  Extractor  
  14  0:40  Drone  
  13  0:47  Drone  
  14  0:53  Overlord  
  14  1:24  Zergling x2, Queen  
  17  1:32  Roach Warren  
  16  1:35  Drone  
  16  1:39  Extractor  
  16  1:44  Zergling x2, Drone  
  18  1:57  Drone  
  19  2:05  Zergling x2  
  19  2:08  Drone  
  21  2:18  Drone  
  22  2:29  Drone  
  23  2:31  Overlord  
  23  2:36  Drone  
  24  2:43  Drone  
  25  6:02  Lair, Drone  
  26  6:07  Zergling x2  
  26  6:09  Drone  
  27  6:16  Drone  
  28  6:23  Drone  
  28  6:25  Overlord  
  27  6:30  Zergling x2  
  27  6:31  Drone  
  29  6:53  Zergling x2  
  30  6:59  Overseer x2  
  30  7:18  Spire  
  30  7:19  Drone  
  30  7:22  Hatchery  
  29  7:27  Drone  
  30  8:29  Zergling x2  
  27  8:42  Overlord  
  24  8:54  Overseer  
Tags
 
Composition
Swarm Host
League
Gold
Matchup
ZvZ
Race
Zerg
Spawn Locations
Cross Positions
Add a new tag
Caveats
  • Supply blocks, unpowered buildings, or Contaminate may cause inaccurate times.
  • Supply counts are checked every 10 seconds.